[Event "Cracovia Festival-A 2023"]
[Site "Krakow"]
[Date "2023.12.31"]
[Round "5.38"]
[White "Jaskolka, Tomasz"]
[Black "Jedraszek, Pawel"]
[Result "1-0"]
[ECO "E62"]
[WhiteElo "2222"]
[BlackElo "2124"]
[Annotator "RC"]
[PlyCount "77"]
[EventDate "2023.12.24"]
[EventType "swiss"]
[EventCountry "POL"]
[SourceTitle "playchess.com"]
[Source "ChessBase"]
[SourceQuality "1"]
[TimeControl "40/5400+30:1800+30"]

1. d4 Nf6 2. c4 g6 3. g3 Bg7 4. Bg2 O-O 5. Nc3 d6 6. Nf3 Nc6 7. O-O Bf5 8. d5 Na5 9. b3 c5 10. Qe1 a6 11. Bd2 b5 12. e4 Bg4 13. Rb1 Nd7 14. Nd1 Nb7 15. Ne3 Bxf3 16. Bxf3 b4 17. h4 a5 18. h5 a4 19. Kg2 axb3 20. axb3 Ra3 21. hxg6 hxg6 22. Rh1 Ne5 23. Qg1 e6 24. Qh2 Re8 25. Qh7+ Kf8 26. Rh4 Ra2 27. Rd1 g5 28. Rh6 Bxh6 29. Qxh6+ Ke7 30. dxe6 fxe6 31. Qg7+ Nf7 32. Nd5+ exd5 33. Bxg5+ Kd7 34. Bg4+ Kc6 35. Bxd8 Nbxd8 36. exd5+ Kb6 37. Qf6 Ra7 38. Rh1 Ree7 39. Rh7 1-0

[Event "Cracovia Festival-A 2023"]
[Site "Krakow"]
[Date "2023.12.31"]
[Round "5.39"]
[White "Wojdak, Jan"]
[Black "Kaliszuk, Kamil"]
[Result "1-0"]
[ECO "C02"]
[WhiteElo "2219"]
[BlackElo "2107"]
[Annotator "RC"]
[PlyCount "81"]
[EventDate "2023.12.24"]
[EventType "swiss"]
[EventCountry "POL"]
[SourceTitle "playchess.com"]
[Source "ChessBase"]
[SourceQuality "1"]
[TimeControl "40/5400+30:1800+30"]

1. e4 e6 2. d4 d5 3. e5 c5 4. c3 Nc6 5. Nf3 Bd7 6. Be2 Nge7 7. Na3 Ng6 8. Nc2 Be7 9. g3 O-O 10. h4 cxd4 11. cxd4 f6 12. h5 Nh8 13. h6 g6 14. exf6 Bxf6 15. Bf4 Nf7 16. Qd2 Rc8 17. Kf1 Be7 18. Kg2 Qa5 19. Qd1 Qb6 20. b3 Nd6 21. Bd3 Ne4 22. Be3 Nc3 23. Qe1 Nxa2 24. Bxg6 hxg6 25. Rxa2 Qxb3 26. Qa1 Qd3 27. Nfe1 Qf5 28. f3 Kh7 29. g4 Qf7 30. Qb1 b6 31. Qd1 e5 32. Qd2 e4 33. fxe4 dxe4 34. d5 Bxg4 35. dxc6 Qxa2 36. Qd4 Bf6 37. Qd2 Rxc6 38. Rf1 Qe6 39. Nd4 Bf3+ 40. Nexf3 Bxd4 41. Ng5+ 1-0

[Event "Cracovia Festival-A 2023"]
[Site "Krakow"]
[Date "2023.12.31"]
[Round "5.41"]
[White "Warchol, Kamil"]
[Black "Hryharovich, Aliaksei"]
[Result "1-0"]
[ECO "B12"]
[WhiteElo "2108"]
[BlackElo "2195"]
[Annotator "RC"]
[PlyCount "115"]
[EventDate "2023.12.24"]
[EventType "swiss"]
[EventCountry "POL"]
[SourceTitle "playchess.com"]
[Source "ChessBase"]
[SourceQuality "1"]
[TimeControl "40/5400+30:1800+30"]

1. e4 c6 2. d4 d5 3. e5 Bf5 4. Nc3 e6 5. g4 Bg6 6. Nge2 c5 7. h4 h6 8. Be3 cxd4 9. Nxd4 Ne7 10. f4 a6 11. Bh3 Nbc6 12. Qe2 Nxd4 13. Bxd4 Nc6 14. Bf2 Bb4 15. O-O Bxc3 16. bxc3 Be4 17. c4 Qa5 18. cxd5 exd5 19. Bg2 Bxg2 20. Kxg2 O-O 21. Rfd1 Rad8 22. Qf3 Qa4 23. Rab1 b5 24. Rb3 Qxa2 25. Ra3 Qb2 26. Rb3 Qa2 27. Qc3 Qa4 28. Qxc6 Qxf4 29. Rd4 Qxe5 30. Rf3 Rc8 31. Qxd5 Qxd5 32. Rxd5 Rxc2 33. Rd7 a5 34. Rf5 a4 35. Rxb5 Ra8 36. Rbb7 a3 37. Ra7 Rxa7 38. Rxa7 a2 39. Kf3 h5 40. g5 Kh7 41. Bd4 Kg6 42. Kf4 Rd2 43. Ra6+ Kh7 44. Be5 Rg2 45. Kf3 Rd2 46. g6+ fxg6 47. Ra7 Rd3+ 48. Kf4 Rh3 49. Kg5 Re3 50. Rxg7+ Kh8 51. Bf6 Rg3+ 52. Kh6 Rf3 53. Ra7+ Kg8 54. Kxg6 Rg3+ 55. Bg5 Rf3 56. Ra8+ Rf8 57. Rxf8+ Kxf8 58. Bf6 1-0

[Event "Cracovia Festival-A 2023"]
[Site "Krakow"]
[Date "2023.12.31"]
[Round "5.42"]
[White "Baum, Jonasz"]
[Black "Pniaczek, Marek"]
[Result "1/2-1/2"]
[ECO "C83"]
[WhiteElo "2421"]
[BlackElo "2135"]
[Annotator "RC"]
[PlyCount "75"]
[EventDate "2023.12.24"]
[EventType "swiss"]
[EventCountry "POL"]
[SourceTitle "playchess.com"]
[Source "ChessBase"]
[SourceQuality "1"]
[TimeControl "40/5400+30:1800+30"]

1. e4 e5 2. Nf3 Nc6 3. Bb5 a6 4. Ba4 Nf6 5. O-O Nxe4 6. d4 b5 7. Bb3 d5 8. dxe5 Be6 9. c3 Be7 10. Nbd2 O-O 11. Bc2 f5 12. Nb3 Qd7 13. Nfd4 Nxd4 14. Nxd4 c5 15. Nxe6 Qxe6 16. f3 Ng5 17. Bf4 Rad8 18. Kh1 Qb6 19. Bxg5 Bxg5 20. f4 Be7 21. g4 d4 22. Bxf5 dxc3 23. Qb3+ Kh8 24. Qxc3 Qb7+ 25. Qf3 Qxf3+ 26. Rxf3 g6 27. Be6 Rd2 28. b3 Re2 29. Raf1 g5 30. Bf5 gxf4 31. e6 Rd8 32. R1f2 Rxf2 33. Rxf2 Rd4 34. Kg2 Kg7 35. Kf3 h6 36. Re2 Kf6 37. h4 a5 38. Bc2 1/2-1/2

[Event "Cracovia Festival-A 2023"]
[Site "Krakow"]
[Date "2023.12.31"]
[Round "5.43"]
[White "Manko, Mariia"]
[Black "Marszalek, Maciej"]
[Result "0-1"]
[ECO "A62"]
[WhiteElo "2128"]
[BlackElo "2269"]
[Annotator "RC"]
[PlyCount "64"]
[EventDate "2023.12.24"]
[EventType "swiss"]
[EventCountry "POL"]
[SourceTitle "playchess.com"]
[Source "ChessBase"]
[SourceQuality "1"]
[TimeControl "40/5400+30:1800+30"]

1. d4 Nf6 2. c4 e6 3. g3 c5 4. d5 exd5 5. cxd5 d6 6. Nc3 g6 7. Bg2 Bg7 8. Nf3 O-O 9. O-O Re8 10. Bf4 Bf5 11. Nh4 Bc8 12. Qd2 a6 13. a4 Qe7 14. e4 Nbd7 15. Nf3 Ng4 16. Rab1 Nde5 17. Ne1 b5 18. h3 b4 19. hxg4 bxc3 20. bxc3 Bxg4 21. Bg5 f6 22. Bh6 Bxh6 23. Qf4 Bg5 24. Qxg5 Be2 25. Qh6 Bxf1 26. Nc2 Rab8 27. Rxf1 Rb5 28. Ne3 Rb3 29. f4 Nf7 30. Qh3 Rxc3 31. g4 Qd7 32. Re1 Qxa4 0-1

[Event "Cracovia Festival-A 2023"]
[Site "Krakow"]
[Date "2023.12.31"]
[Round "5.44"]
[White "Kaim, Piotr"]
[Black "Ramirez Garcia, Jorge Alberto"]
[Result "0-1"]
[ECO "B27"]
[WhiteElo "2127"]
[BlackElo "2249"]
[Annotator "RC"]
[PlyCount "100"]
[EventDate "2023.12.24"]
[EventType "swiss"]
[EventCountry "POL"]
[SourceTitle "playchess.com"]
[Source "ChessBase"]
[SourceQuality "1"]
[TimeControl "40/5400+30:1800+30"]

1. e4 c5 2. Nf3 g6 3. c3 d5 4. e5 Nc6 5. d4 cxd4 6. cxd4 Bg4 7. Bb5 Qb6 8. Nc3 e6 9. Be3 Nge7 10. O-O Bg7 11. a3 O-O 12. Be2 f6 13. exf6 Bxf6 14. Ng5 Bxe2 15. Nxe2 Bxg5 16. Bxg5 Nf5 17. Be3 Nxe3 18. fxe3 Rxf1+ 19. Qxf1 Qxb2 20. Nf4 Rf8 21. Qc1 Qxc1+ 22. Rxc1 Kf7 23. h4 Ke7 24. h5 g5 25. Nd3 Kd6 26. Nc5 Rf7 27. Kh2 e5 28. dxe5+ Nxe5 29. Nb3 Ng4+ 30. Kg3 Nxe3 31. Rc8 Nf5+ 32. Kg4 h6 33. Rg8 Ne3+ 34. Kh3 Nf5 35. Rg6+ Ke5 36. Nd2 Kf4 37. g4 Ne3 38. Rxh6 Nxg4 39. Rh8 Nf6 40. Kg2 g4 41. Nf1 Rh7 42. Rf8 Kg5 43. Ng3 Nxh5 44. Nxh5 Kxh5 45. Rf5+ Kh4 46. Rxd5 Rc7 47. Rd3 Rc2+ 48. Kg1 Ra2 49. Rb3 b6 50. Rc3 g3 0-1

[Event "Cracovia Festival-A 2023"]
[Site "Krakow"]
[Date "2023.12.31"]
[Round "5.45"]
[White "Zalega, Maciej"]
[Black "Panek, Bartosz"]
[Result "1/2-1/2"]
[ECO "A18"]
[WhiteElo "2113"]
[BlackElo "2232"]
[Annotator "RC"]
[PlyCount "75"]
[EventDate "2023.12.24"]
[EventType "swiss"]
[EventCountry "POL"]
[SourceTitle "playchess.com"]
[Source "ChessBase"]
[SourceQuality "1"]
[TimeControl "40/5400+30:1800+30"]

1. c4 Nf6 2. Nc3 e6 3. e4 d6 4. d4 c5 5. dxc5 dxc5 6. Qxd8+ Kxd8 7. Bg5 h6 8. O-O-O+ Bd7 9. Bh4 g5 10. Bg3 Nc6 11. h4 g4 12. h5 Be7 13. Be2 e5 14. Bd3 Ne8 15. f4 f6 16. Nge2 Be6 17. Nd5 Bd6 18. Bc2 Nd4 19. Nxd4 cxd4 20. fxe5 Bxe5 21. Bf2 Bxd5 22. exd5 Nd6 23. Bxd4 Nxc4 24. Bf5 Ke7 25. b3 Nd6 26. Be6 Nb5 27. Bxe5 fxe5 28. Bxg4 Rhg8 29. Be6 Rxg2 30. Rd2 Rxd2 31. Kxd2 Nd4 32. Ke3 Nxe6 33. dxe6 Kxe6 34. Rg1 Rf8 35. Rg6+ Rf6 36. Rg7 Rf7 37. Rg6+ Rf6 38. Rg7 1/2-1/2

[Event "Cracovia Festival-A 2023"]
[Site "Krakow"]
[Date "2023.12.31"]
[Round "5.46"]
[White "Mirski, Stanislaw"]
[Black "Bilczewski, Kacper"]
[Result "1-0"]
[ECO "D02"]
[WhiteElo "2187"]
[BlackElo "2125"]
[Annotator "RC"]
[PlyCount "67"]
[EventDate "2023.12.24"]
[EventType "swiss"]
[EventCountry "POL"]
[SourceTitle "playchess.com"]
[Source "ChessBase"]
[SourceQuality "1"]
[TimeControl "40/5400+30:1800+30"]

1. d4 d5 2. Nf3 Nf6 3. g3 c6 4. Bg2 Bg4 5. c4 e6 6. Qb3 Qb6 7. Nc3 Nbd7 8. h3 Bf5 9. c5 Qxb3 10. axb3 a6 11. b4 Ne4 12. b5 Nxc3 13. bxc6 bxc6 14. bxc3 Be7 15. Bf4 O-O 16. O-O f6 17. g4 Bg6 18. Nd2 e5 19. Bg3 Rfb8 20. Ra2 Ra7 21. Rfa1 Rba8 22. c4 exd4 23. cxd5 Nxc5 24. dxc6 Bf7 25. Ra5 Rc8 26. Rc1 Ne6 27. Nc4 Nc7 28. Nb6 Rd8 29. Bxc7 Rxc7 30. Rxa6 Rd6 31. Ra8+ Rd8 32. Rxd8+ Bxd8 33. Na8 Rc8 34. c7 1-0

[Event "Cracovia Festival-A 2023"]
[Site "Krakow"]
[Date "2023.12.31"]
[Round "5.47"]
[White "Gaurav Rajesh Zagade"]
[Black "Kovalevsky, Stanislav"]
[Result "1-0"]
[ECO "A06"]
[WhiteElo "2126"]
[BlackElo "2163"]
[Annotator "RC"]
[PlyCount "95"]
[EventDate "2023.12.24"]
[EventType "swiss"]
[EventCountry "POL"]
[SourceTitle "playchess.com"]
[Source "ChessBase"]
[SourceQuality "1"]
[TimeControl "40/5400+30:1800+30"]

1. Nf3 d5 2. c4 c6 3. g3 Nf6 4. Bg2 e6 5. b3 Nbd7 6. Bb2 Bd6 7. d4 O-O 8. O-O Ne4 9. Nbd2 f5 10. Ne1 a5 11. Nd3 a4 12. Rc1 Nxd2 13. Qxd2 Nf6 14. c5 Bc7 15. b4 Bd7 16. a3 Be8 17. Rce1 Ne4 18. Qc2 Qf6 19. e3 Qh6 20. Ne5 g5 21. f3 Nf6 22. e4 f4 23. Bc1 Bg6 24. gxf4 gxf4 25. Nxg6 Qxg6 26. Re2 e5 27. Kh1 exd4 28. Rg1 Kh8 29. Qd1 dxe4 30. Qxd4 Rae8 31. Rxe4 Rxe4 32. fxe4 Qh5 33. Bb2 h6 34. Qf2 Kh7 35. Bf3 Qe8 36. e5 Bxe5 37. Qc2+ Kh8 38. Re1 Bxb2 39. Rxe8 Rxe8 40. Qxb2 Kg7 41. Qd4 Re3 42. Qxf4 Rxa3 43. Qg3+ Kh8 44. Qb8+ Kg7 45. Qxb7+ Kg6 46. Qxc6 Ra1+ 47. Kg2 a3 48. Qa6 1-0

[Event "Cracovia Festival-A 2023"]
[Site "Krakow"]
[Date "2023.12.31"]
[Round "5.48"]
[White "Pacuszka, Tomasz"]
[Black "Hnatyshyn, Anastasiia"]
[Result "1/2-1/2"]
[ECO "A05"]
[WhiteElo "2124"]
[BlackElo "2152"]
[Annotator "RC"]
[PlyCount "87"]
[EventDate "2023.12.24"]
[EventType "swiss"]
[EventCountry "POL"]
[SourceTitle "playchess.com"]
[Source "ChessBase"]
[SourceQuality "1"]
[TimeControl "40/5400+30:1800+30"]

1. Nf3 Nf6 2. b3 d5 3. Bb2 g6 4. e3 Bg7 5. d3 O-O 6. Nbd2 Bg4 7. Be2 Bxf3 8. Nxf3 Nbd7 9. O-O c6 10. c4 Re8 11. Qc2 e5 12. Rfd1 Rc8 13. Rac1 c5 14. cxd5 Nxd5 15. Qb1 a6 16. Nd2 b5 17. Bf3 N7b6 18. Ne4 Qe7 19. Ba3 b4 20. Bb2 f5 21. Nd2 e4 22. dxe4 Nc3 23. Bxc3 bxc3 24. Nf1 fxe4 25. Be2 c4 26. Ng3 h5 27. bxc4 Na4 28. Qc2 Nc5 29. Rd5 h4 30. Nf1 Rb8 31. Qd1 Rb2 32. h3 Rxa2 33. Nh2 Nd3 34. Bxd3 Rd2 35. Qf1 exd3 36. Nf3 Rc2 37. Rxd3 Rxc1 38. Qxc1 Qe4 39. Rxc3 Bxc3 40. Qxc3 Qb1+ 41. Kh2 Qb8+ 42. Kg1 Qb1+ 43. Kh2 Qb8+ 44. Kg1 1/2-1/2

[Event "Cracovia Festival-A 2023"]
[Site "Krakow"]
[Date "2023.12.31"]
[Round "5.49"]
[White "Kazantzoglou, Stefanos"]
[Black "Krzyzanowski, Patryk"]
[Result "1-0"]
[ECO "B24"]
[WhiteElo "2152"]
[BlackElo "2102"]
[Annotator "RC"]
[PlyCount "93"]
[EventDate "2023.12.24"]
[EventType "swiss"]
[EventCountry "POL"]
[SourceTitle "playchess.com"]
[Source "ChessBase"]
[SourceQuality "1"]
[TimeControl "40/5400+30:1800+30"]

1. e4 c5 2. Nc3 Nc6 3. Bb5 Nd4 4. Nf3 a6 5. Bd3 Nc6 6. O-O g6 7. e5 Bg7 8. Re1 f5 9. a4 e6 10. Nb1 g5 11. h3 h5 12. c3 g4 13. Nh2 gxh3 14. g3 h4 15. g4 Nh6 16. f4 b6 17. Na3 b5 18. gxf5 Nxf5 19. Bxf5 exf5 20. d4 cxd4 21. cxd4 Qb6 22. Nf3 Bb7 23. Kh2 O-O-O 24. axb5 axb5 25. Be3 Bh6 26. Qb3 Na5 27. Qxb5 Qxb5 28. Nxb5 Bxf3 29. Rxa5 Rdg8 30. Nd6+ Kc7 31. Rc5+ Kb8 32. Rb5+ Kc7 33. Rc1+ Kd8 34. Rb8+ Ke7 35. Rxg8 Rxg8 36. Nxf5+ Ke6 37. Nxh6 Rg2+ 38. Kxh3 Rxb2 39. f5+ Kd5 40. f6 Ke4 41. f7 Rb8 42. Bg5 Bh5 43. Kxh4 Bxf7 44. Nxf7 Rf8 45. Nd6+ Kxd4 46. Bf6 Kd5 47. Rc4 1-0

[Event "Cracovia Festival-A 2023"]
[Site "Krakow"]
[Date "2023.12.31"]
[Round "5.50"]
[White "Gbiorczyk, Mikolaj"]
[Black "Katsanis, Vasileios Dim"]
[Result "1/2-1/2"]
[ECO "B10"]
[WhiteElo "2137"]
[BlackElo "2133"]
[Annotator "RC"]
[PlyCount "146"]
[EventDate "2023.12.24"]
[EventType "swiss"]
[EventCountry "POL"]
[SourceTitle "playchess.com"]
[Source "ChessBase"]
[SourceQuality "1"]
[TimeControl "40/5400+30:1800+30"]

1. e4 c6 2. Nf3 d5 3. d3 dxe4 4. dxe4 Qxd1+ 5. Kxd1 Bg4 6. Nbd2 Nd7 7. Be2 e6 8. Ne1 Bxe2+ 9. Kxe2 Ngf6 10. Nd3 Bd6 11. f3 h5 12. h4 O-O-O 13. a4 Ne5 14. Nxe5 Bxe5 15. Nc4 Bc7 16. Be3 a6 17. a5 Nd7 18. b3 Ne5 19. Nb6+ Kb8 20. Bf4 Ng6 21. Bxc7+ Kxc7 22. g3 Ne5 23. f4 Ng4 24. Rad1 e5 25. Nc4 exf4 26. gxf4 Rde8 27. Kf3 f6 28. Rd2 Rd8 29. Rhd1 Rxd2 30. Rxd2 Re8 31. Ne3 Nh6 32. Rg2 Re7 33. Rg6 Kd7 34. e5 fxe5 35. fxe5 Nf7 36. Nc4 Nxe5+ 37. Nxe5+ Rxe5 38. Rxg7+ Ke6 39. b4 Rb5 40. c3 Kd5 41. Ke3 Kc4 42. Kd2 Rd5+ 43. Kc2 Rd3 44. Rxb7 Rxc3+ 45. Kd2 Rb3 46. Rb6 Rxb4 47. Rxa6 Kc5 48. Ra8 Ra4 49. Kc3 Kb5 50. a6 Ra3+ 51. Kb2 Ra5 52. Kb3 Kb6 53. Kb4 c5+ 54. Kc3 Ra3+ 55. Kb2 Rxa6 56. Rh8 Kb5 57. Rxh5 Rf6 58. Rg5 Rf2+ 59. Kc3 Rf3+ 60. Kc2 Kb4 61. Rg2 Ra3 62. Kb2 c4 63. Rg8 Rb3+ 64. Kc2 Rc3+ 65. Kb2 Rh3 66. Rb8+ Kc5 67. Kc2 Rh2+ 68. Kc3 Rh3+ 69. Kc2 Rxh4 70. Rg8 Rh2+ 71. Kc3 Rh3+ 72. Kc2 Kb4 73. Rb8+ Kc5 1/2-1/2

[Event "Cracovia Festival-A 2023"]
[Site "Krakow"]
[Date "2023.12.31"]
[Round "5.51"]
[White "Leskiewicz, Ignacy"]
[Black "Krainski, Aleksander"]
[Result "1-0"]
[ECO "A06"]
[WhiteElo "2177"]
[BlackElo "2102"]
[Annotator "RC"]
[PlyCount "107"]
[EventDate "2023.12.24"]
[EventType "swiss"]
[EventCountry "POL"]
[SourceTitle "playchess.com"]
[Source "ChessBase"]
[SourceQuality "1"]
[TimeControl "40/5400+30:1800+30"]

1. Nf3 d5 2. b3 Nf6 3. Bb2 e6 4. e3 c5 5. c4 Nc6 6. cxd5 exd5 7. Bb5 Bd6 8. O-O O-O 9. h3 Re8 10. Nc3 Bd7 11. Bxc6 bxc6 12. Na4 Bc8 13. Rc1 Ba6 14. d3 Nd7 15. Ba3 Qe7 16. Re1 Bb5 17. Nc3 Ba6 18. Na4 Bb5 19. Nc3 Ba6 20. g3 Rad8 21. e4 dxe4 22. Nxe4 Ne5 23. Nxe5 Bxe5 24. Bxc5 Qd7 25. d4 Bb8 26. Qg4 Qxg4 27. hxg4 Bc8 28. f3 Be6 29. Kf2 f6 30. Re3 Kf7 31. Rce1 h6 32. a4 Bd5 33. b4 Bc4 34. Nd2 Rxe3 35. Rxe3 Be6 36. b5 cxb5 37. axb5 Rd7 38. Ra3 Rb7 39. Ne4 Bd7 40. Bd6 Bxb5 41. Bxb8 Rxb8 42. Rxa7+ Kf8 43. d5 Rd8 44. Nc3 Bc4 45. Ra5 Re8 46. Ra4 Bd3 47. Rd4 Ba6 48. Ne4 Rd8 49. Nc5 Bc8 50. d6 Bd7 51. Ke3 Kf7 52. Re4 Bc6 53. Re7+ Kg8 54. Rxg7+ 1-0

[Event "Cracovia Festival-A 2023"]
[Site "Krakow"]
[Date "2024.01.02"]
[Round "6.1"]
[White "Akbas, Umut Ata"]
[Black "Puranik, Abhimanyu"]
[Result "1/2-1/2"]
[ECO "E32"]
[WhiteElo "2446"]
[BlackElo "2627"]
[Annotator "TA"]
[PlyCount "34"]
[EventDate "2023.12.24"]
[EventType "swiss"]
[EventCountry "POL"]
[SourceTitle "playchess.com"]
[Source "ChessBase"]
[SourceQuality "1"]
[TimeControl "40/5400+30:1800+30"]

1. d4 Nf6 2. c4 e6 3. Nc3 Bb4 4. Qc2 Qe7 5. a3 Bxc3+ 6. Qxc3 {[%emt 0:00:07] E32: Nimzo-Indian: Classical (4 Qc2): 4...0-0.} d6 7. g3 {[%emt 0:03:28] [#]} e5 $146 ({Predecessor:} 7... Bd7 8. Bg2 Bc6 9. f3 d5 10. b3 O-O 11. Nh3 Re8 12. O-O Nbd7 13. a4 e5 14. e3 {0-1 Short,N (2698)-Torre,E (2469) Olympiad-40 Istanbul 2012 (8.3)}) 8. Nf3 e4 9. Nd2 d5 10. Bg2 O-O 11. cxd5 Re8 12. Qb3 c6 13. dxc6 Nxc6 14. e3 Be6 15. Qa4 Qd7 16. Nxe4 ({Inferior is} 16. Bxe4 Nxe4 17. Nxe4 Bh3 $17) (16. O-O $5 ) 16... Nxe4 17. Bxe4 {[%emt 0:00:12] White wants to play 0-0.} Nxd4 {[%emt 0:05:40] Weighted Error Value: White=0.08 (flawless) /Black=0.02 (flawless)} 1/2-1/2

[Event "Cracovia Festival-A 2023"]
[Site "Krakow"]
[Date "2024.01.02"]
[Round "6.2"]
[White "Gumularz, Szymon"]
[Black "Soffer, Ram"]
[Result "1-0"]
[ECO "B40"]
[WhiteElo "2576"]
[BlackElo "2444"]
[Annotator "TA"]
[PlyCount "107"]
[EventDate "2023.12.24"]
[EventType "swiss"]
[EventCountry "POL"]
[SourceTitle "playchess.com"]
[Source "ChessBase"]
[SourceQuality "1"]
[TimeControl "40/5400+30:1800+30"]

1. e4 c5 2. Nf3 e6 3. d4 cxd4 4. Nxd4 Nf6 5. Nc3 Nc6 6. Ndb5 Bc5 7. Nd6+ {[%emt 0:05:13] B45: Sicilian Four Knights.} (7. Bf4 $5 O-O 8. Bc7 $11) 7... Ke7 $1 8. Bf4 e5 9. Nf5+ {[%emt 0:00:05] White has an edge.} Kf8 10. Bg5 d6 11. Bc4 Be6 12. Bb3 h6 13. Bxf6 Qxf6 14. Nd5 {[%emt 0:00:37] A dynamic duo of knights.} Qd8 {[%emt 0:04:37] [#]} 15. c3 $146 ({Predecessor:} 15. Qd3 g6 16. Nfe3 Kg7 17. h4 h5 18. g3 Nd4 19. c3 Nxb3 20. axb3 a5 21. f4 Bxe3 22. Nxe3 Bxb3 {½-½ Heimann,M (2440)-Stremavicius,T (2563) US Masters op 2023 (5)}) 15... Bxf5 (15... g6 $11 16. Nfe3 Kg7) 16. exf5 $14 Qg5 {[%emt 0:00:06][%csl LRf5,LRg2] Prevents f6} 17. O-O Qxf5 18. Bc2 Qd7 19. b4 Bb6 20. a4 Bd8 21. f4 exf4 ({Better is} 21... h5 $14) 22. Rxf4 ({White should try} 22. Nxf4 $16 {Threatens to win with Ng6+.} Ne5 23. Bb3) 22... Bg5 23. Rf1 {[%emt 0:00:59][%mdl 1024] White has compensation. White is more active.} Ne5 24. Bb3 (24. Qd4 {seems wilder.} Qg4 25. Bb3 Kg8 26. Rae1) 24... h5 25. Qd4 Rh6 26. Ra2 Kg8 27. Raf2 Kh8 28. h3 (28. h4 $5 Bd8 29. a5 $14) 28... b6 29. Rf5 Qd8 30. Qe4 (30. Rxf7 Nxf7 31. Rxf7 Bf6 $11) 30... Rc8 31. Kh1 h4 32. R5f2 Qd7 33. Rf5 Qd8 34. Ba2 (34. Qd4 $5 ) 34... Rb8 35. b5 Rc8 36. Nb4 Rf6 (36... Rxc3 $2 37. Nc6 (37. Bxf7 Rf6 $14) 37... Rxc6 38. bxc6 $18) 37. Rxf6 Bxf6 38. Qf5 Rxc3 39. Nd5 Rc5 40. Qh5+ $40 {[%emt 0:00:00][%mdl 128] White attacks.} Kg8 41. Nxf6+ gxf6 42. Qh6 Qf8 $2 {[%emt 0:13:46] Loses the game.} (42... Rc2 $2 43. Bb1 (43. Qxf6 $2 Qxf6 44. Rxf6 Rxa2 $19) 43... Qc8 44. Bxc2 (44. Qxf6 Rc3 $16) 44... Qxc2 45. Qxh4 $18) (42... Qe7 $1 $11) 43. Qxf6 $18 {[%emt 0:00:20] [#] Rf5 would be deadly.} Qg7 44. Qd8+ (44. Qxd6 Qg5 $11) 44... Qf8 (44... Kh7 {is a better defense.} 45. Bb1+ (45. Qxh4+ Qh6 $16) 45... Ng6 46. Qxh4+ (46. Qxd6 Re5 $16) 46... Kg8 47. Qd8+ Qf8) 45. Qxh4 {[%emt 0:00:05] Hoping for Rf5.} d5 46. Qf6 Qg7 {[%emt 0:00:50] Repels Qxe5} 47. Qe7 Qg3 $2 (47... f6 48. Qd6 (48. Qxf6 Qxf6 49. Rxf6 Rc1+ 50. Kh2 Nc4 $16) 48... Qf8 49. Rxf6 (49. Bxd5+ Kg7 $16) 49... Rc1+ 50. Kh2 Qxd6 51. Rxd6 Kg7 52. Rxd5 (52. Bxd5 Rd1 $16) 52... Kf6) 48. Qd8+ (48. Qxa7 $2 {perishes.} Nf3 $19) 48... Kg7 {[%emt 0:00:10][%cal Oe5f3] [#] ...Nf3! is the strong threat.} 49. Bxd5 Rc2 (49... Qg6 $18 50. Bb3 Kh7) 50. Qf6+ Kf8 51. Qd6+ (51. Bxf7 $2 Qxg2#) 51... Kg8 52. Bxf7+ Kh7 53. Bd5 {[%emt 0:00:15] White wants to mate with Be4+.} Re2 {[%emt 0:00:45] Prevents Be4+} 54. Rf7+ {[%emt 0:00:30] Weighted Error Value: White=0.10 (very precise) /Black=0.42} (54. Qe7+ $142 Kh6 55. Rf6+ Qg6 56. Rxg6+ Kxg6 57. Qxa7 Rf2 58. Qxb6+ Rf6 59. Be4+ Kg7 60. Qc7+ Nf7 61. b6) 1-0

[Event "Cracovia Festival-A 2023"]
[Site "Krakow"]
[Date "2024.01.02"]
[Round "6.3"]
[White "Dzida, Kamil"]
[Black "Keinanen, Toivo"]
[Result "1/2-1/2"]
[ECO "B08"]
[WhiteElo "2396"]
[BlackElo "2522"]
[Annotator "TA"]
[PlyCount "86"]
[EventDate "2023.12.24"]
[EventType "swiss"]
[EventCountry "POL"]
[SourceTitle "playchess.com"]
[Source "ChessBase"]
[SourceQuality "1"]
[TimeControl "40/5400+30:1800+30"]

1. d4 d6 2. e4 Nf6 3. Nc3 g6 4. Nf3 Bg7 5. Be2 O-O 6. O-O c5 7. d5 e6 8. dxe6 Bxe6 9. Ng5 {[%emt 0:02:49] 9.Bf4 deserves study.} Nc6 10. Be3 {[%emt 0:08:24] A43: Schmid Benoni.} Qe7 11. Qd2 Rad8 {[%emt 0:05:17] [#]} 12. Rad1 $146 ({Predecessor:} 12. Nd5 Bxd5 13. exd5 Ne5 14. h3 h6 15. Nf3 Ne4 16. Qc1 Nxf3+ 17. Bxf3 Ng5 18. Be2 {½-½ Manea,A (2385)-Bogdan,D (2383) ROM-chT Calimanesti Caciulata 2016 (2.4)}) 12... d5 13. Nxe6 fxe6 14. exd5 exd5 {[%emt 0:08:49] Hoping for ...d4.} 15. Bg5 d4 16. Bc4+ {[%emt 0:03:08] This pair of bishops is nice.} Kh8 {[%emt 0:00:04] [#]} 17. Nd5 Qf7 {[%emt 0:05:34] ...Ne4 is the strong threat.} 18. Nxf6 Qxc4 19. Ne4 Rd7 20. Rfe1 b6 21. Bh6 Qxa2 22. Bxg7+ $1 Kxg7 23. Ng5 {[%emt 0:01:12] [#] Strongly threatening Ne6+.} Nd8 {[%emt 0:01:57][%cal Bc6d8,Bd8f7,Bf7d6,Bd6f5][%mdl 32] Inhibits Ne6+.} (23... Qxb2 $2 24. Ne6+ Kg8 25. Nxf8 $18) 24. b3 Qa6 25. Re4 h6 26. Nf3 {[%emt 0:04:31][%mdl 1024] White has compensation.} Rf6 27. Rde1 (27. Re8 {is interesting.} Nc6 28. Rde1 Rd8 29. R8e4) 27... Nf7 28. h4 Qb7 29. c3 Nd6 30. Rf4 {[%emt 0:05:29] aiming for Rxf6.} Rxf4 31. Qxf4 {[%emt 0:00:02] And now Re6 would win.} Qd5 {[%emt 0:01:48] Prevents Re6.} ({Much less strong is} 31... dxc3 32. Qe5+ (32. Re6 Nf5 $11) 32... Kh7 33. h5 $16) 32. cxd4 Rf7 33. Qd2 Nf5 (33... Qxb3 $2 34. dxc5 Nf5 35. c6 $18) 34. Re5 Qxb3 (34... Qd8 {simplifies} 35. dxc5 Qxd2 36. Nxd2 bxc5 37. h5 gxh5 38. Rxc5 Nd4) 35. dxc5 bxc5 36. Rxc5 Qb1+ 37. Rc1 Qb6 38. Rc8 $36 {[%emt 0:02:55][%mdl 2048] Black must now prevent Ne5. White has the initiative.} Qf6 {[%emt 0:01:05] Dodges Ne5} 39. Qb4 {[%emt 0:01:30] White is more active.} Qa1+ 40. Kh2 Qf6 {[%emt 0:00:00] Against Rc6} 41. Ra8 Qd6+ {[%emt 0:06:12] The position is equal.} 42. Qxd6 Nxd6 43. Nd4 Rxf2 {[%emt 0:01:51] Weighted Error Value: White=0.06 (flawless) /Black=0.06 (flawless)} 1/2-1/2